 Dungeon Crawl Stone Soup version 0.30-a0-845-g7c6808c8ce (webtiles) character file.

Game seed: 2246903570610699941

56 themarg the Caller (level 3, 0/24 HPs)
             Began as a Merfolk Summoner on Mar 2, 2023.
             Succumbed to an adder's poison
             ... on level 2 of the Dungeon.
             The game lasted 00:05:00 (1571 turns).

themarg the Caller (Merfolk Summoner)               Turns: 1571, Time: 00:05:01

Health: 0/24       AC:  2    Str: 14    XL:     3   Next: 95%
Magic:  3/6        EV: 12    Int: 16    God:
Gold:   73         SH:  0    Dex: 14    Spells: 3/6 levels left

rFire   . . .      SeeInvis .    c - +0 mace
rCold   . . .      Faith    .    (no shield)
rNeg    . . .      Spirit   .    a - +0 robe
rPois   .          Reflect  .    (no helmet)
rElec   .          Rampage  .    (no cloak)
rCorr   .                        (no gloves)
Will    .....                    (no boots)
Stlth   ++                       l - amulet of the acrobat
HPRegen 0.24/turn                f - +6 ring of strength
MPRegen 0.10/turn                (no ring)

@: lethally poisoned (0 -> -2), attractive
A: (nimble swimmer 2), mertail
a: no special abilities


You were on level 2 of the Dungeon.
You visited 1 branch of the dungeon, and saw 2 of its levels.

You collected 73 gold pieces.

Inventory:

Hand Weapons
 c - a +0 mace (weapon)
Missiles
 d - 8 poisoned darts
 e - 10 stones
Armour
 a - a +0 robe (worn)
 q - the +1 robe of the Storm King {rPois rF+++ rC+ Str-4}
   (You found it on level 2 of the Dungeon)

   Str:       It affects your strength (-4).
   rF:        It renders you almost immune to fire.
   rC:        It protects you from cold.
   rPois:     It protects you from poison.
Jewellery
 f - a +6 ring of strength (left hand)
 l - an amulet of the acrobat (around neck)
Scrolls
 i - a scroll of poison {unknown}
 j - a scroll of blinking {unknown}
 o - 2 scrolls of teleportation {unknown}
 r - a scroll of enchant weapon {unknown}
Potions
 b - a potion of magic
 k - a potion of attraction
 m - a potion of lignification
 n - a potion of flight {unknown}
 p - a potion of curing {unknown}
 s - a potion of degeneration {unknown}


   Skills:
 - Level 2.6 Dodging
 - Level 3.0 Stealth
 - Level 2.0 Spellcasting
 + Level 5.1 Summonings


You had 3 spell levels left.
You knew the following spells:

 Your Spells              Type           Power      Damage    Failure   Level
a - Summon Small Mammal   Summ           72%        N/A       2%          1
b - Call Imp              Summ           18%        N/A       3%          2

Your spell library contained the following spells:

 Spells                   Type           Power      Damage    Failure   Level
 Call Canine Familiar     Summ           18%        N/A       8%          3
 Summon Guardian Golem    Hex/Summ       9%         N/A       22%         3
 Blink                    Tloc           2%         N/A       30%         2
 Summon Lightning Spire   Summ/Air       9%         N/A       56%         4
 Manifold Assault         Tloc           1%         N/A       90%         4
 Storm Form               Tmut/Air       0%         N/A       100%        7


Dungeon Overview and Level Annotations

Branches:
Dungeon (2/15)

Altars:


Innate Abilities, Weirdness & Mutations

((You are very nimble when in or above water. (Stealth+, EV+, Speed+++)))
Your lower body shifts to a powerful aquatic tail in water.


Message History

You are lethally poisoned!
The adder poisons you!
Your rat bites the adder.
Your white imp gestures at the adder.
The puff of frost hits the adder!
The adder dies!
* * * LOW HITPOINT WARNING * * *
You feel sick.
Your rat barely misses the rat.
Your white imp gestures at the rat.
The puff of frost hits the rat!
The rat dies!
It was a potion of attraction.
You feel attractive to monsters.
* * * LOW HITPOINT WARNING * * *
You feel sick.
Your rat bites the jackal but does no damage.
Your white imp barely misses the jackal.
Your quokka closely misses the jackal.
The jackal bites your quokka.
It was a potion of lignification.
You turn into a tree.
Your +0 robe melds into your body.
Your roots penetrate the ground.
* * * LOW HITPOINT WARNING * * *
You feel sick.
Your white imp barely misses the jackal.
Your rat bites the jackal.
Your quokka closely misses the jackal.
The jackal closely misses your quokka.
It was a potion of might.
You feel very mighty all of a sudden.
* * * LOW HITPOINT WARNING * * *
You feel sick. The jackal bites your quokka.
Your quokka dies!
Your quokka's corpse disappears in a puff of smoke!
Your rat closely misses the jackal.
Your white imp closely misses the jackal.
The jackal is attracted toward you.
It was a potion of cancellation.
Your magical effects are unravelling.
You feel magically purged.
You feel less wooden.
Your +0 robe unmelds from your body.
You feel a little less mighty now.
You die...

###.#. .#.#
#.......#...... #.#.# # #
#...)...#...... #.# #
#.......#...... ###.#
##.....###..... .#
##...## ##.†.# .#
######+#######'#######'##
.#
..............[.........[
†#
#......................
.######
#..5rh@................
......# #
#.##§#######†#######'##
.####<#.# #.h ##...##
##...# .#......#. #...
##.....###...†.
..........#....
#.......#......
...##.###.#....
#.......#...... .####.#
#...$ #.......#...... .#
#.# ##... ##.....###.....
.# #.# ##...## ##...#


You could see a jackal (ally target), a friendly white imp (summoned) and a
friendly rat (summoned).

Vanquished Creatures
  A ball python (D:1)
  A hobgoblin (D:1)
  A jackal (D:2)
  A quokka (D:1)
  3 bats
  A frilled lizard (D:1)
  A kobold (D:1)
9 creatures vanquished.

Vanquished Creatures (collateral kills)
  2 adders (D:2)
  A worm (D:2)
  A dart slug (D:1)
  3 endoplasms
  A giant cockroach (D:2)
  3 goblins (D:2)
  2 hobgoblins (D:1)
  A quokka (D:1)
  A bat (D:1)
  3 frilled lizards (D:1)
  3 kobolds
  2 rats (D:2)
23 creatures vanquished.

Grand Total: 32 creatures vanquished

Notes
Turn   | Place    | Note
-------+----------+-------------------------------------------
     0 | D:1      | themarg the Merfolk Summoner began the quest for the Orb.
     0 | D:1      | Reached XP level 1. HP: 13/13 MP: 3/3
   326 | D:1      | Reached XP level 2. HP: 19/19 MP: 1/5
   329 | D:1      | Learned a level 2 spell: Call Imp
  1096 | D:2      | Reached XP level 3. HP: 24/24 MP: 2/6
  1418 | D:2      | Identified the +1 robe of the Storm King {rPois rF+++ rC+
                  | Str-4}
  1476 | D:2      | Reached skill level 5 in Summonings
  1571 | D:2      | Succumbed to an adder's poison

Illustrated notes

Levels and vault maps discovered:
D:1:      wander_arrival_peaceful_grave, layout_basic, minivault_26
D:2:      kennysheep_six_static_rooms, layout_loops_ring,
          kennysheep_generic_room_11, uniq_natasha

Skill      XL: |  1  2  3 |
---------------+----------+-----
Stealth        | 3 |  3.0
Summonings     | 5 |  5.1
Dodging        | |  2.6
Spellcasting   | |  2.0

Action                     || total
---------------------------++-------
  Melee: Mace              ||    24
   Cast: Summon Small Mamm ||    37
         Call Imp          ||    15
    Use: Potion            ||     4
 Armour: Robe              ||     4
  Dodge: Dodged            ||    33

Table legend: (Time is in decaauts)
 A = Elapsed time spent in this place.
 B = Non-inter-level travel time spent in this place.
 C = Inter-level travel time spent in this place.
 D = Time resting spent in this place.
 E = Time spent auto-exploring this place.
 F = Levels seen in this place.
 G = Mean time per level.
                   A        B        C        D        E       F      G
               +--------+--------+--------+--------+--------+-----+--------+
         Total |   1579 |   1567 |     12 |     76 |   1201 |   2 |  789.5 |
       Dungeon |   1579 |   1567 |     12 |     76 |   1201 |   2 |  789.5 |
               +--------+--------+--------+--------+--------+-----+--------+

Top non-repeatable levels by time:
     D:1: 1072 daAuts
     D:2: 507 daAuts
